 Dungeon Crawl Stone Soup version 0.31-a0-214-gb37851dbb3 (webtiles) character file.

Game seed: 14367257089922065788

77 qw the Chopper (level 4, -12/28 HPs)
             Began as a Gargoyle Fighter on July 1, 2023.
             Mangled by an ogre
             ... wielding a +0 giant club
              (15 damage)
             ... on level 4 of the Dungeon.
             The game lasted 00:00:51 (1850 turns).

qw the Chopper (Gargoyle Fighter)                   Turns: 1850, Time: 00:00:52

Health: -12/28     AC: 11    Str: 20 (21) XL:     4   Next: 34%
Magic:  4/4        EV:  9    Int:  6 (9)  God:
Gold:   128        SH:  4    Dex:  7 (9)  Spells: 3/3 levels left

rFire   . . .        Y - +1 war axe
rCold   . . .        c - +0 buckler
rNeg    + . .        b - +0 scale mail
rPois   inf          (no helmet)
rElec   +            h - +0 cloak
rCorr   .            (no gloves)
SInv    .            (no boots)
Will    .....        (no amulet) Stlth
                     (no ring)
HPRegen 0.24/turn    (no ring)
MPRegen 0.09/turn

%: no passive effects
@: no status effects
A: sickness immunity, AC +3, negative energy resistance 1, electricity
resistance, torment resistance 1, petrification resistance
a: no special abilities


You were on level 4 of the Dungeon.
You visited 1 branch of the dungeon, and saw 4 of its levels.

You collected 128 gold pieces.


Innate Abilities, Weirdness & Mutations

You are immune to sickness and miasma.
Your stone body is resilient. (AC +3)
You are immune to poison.
You resist negative energy. (rN+)
You are resistant to electric shocks. (rElec)
You are resistant to unholy torment.
You are immune to petrification.


   Skills:
 - Level 3.2 Fighting
 + Level 3.8 Axes
 - Level 1.0 Throwing
 - Level 3.2 Armour
 - Level 3.2 Shields


You had 3 spell levels left.
You didn't know any spells.
Your spell library was empty.

Inventory:

Hand Weapons
 f - a +0 club
 Y - a +1 war axe (weapon)
Armour
 b - a +0 scale mail (worn)
 c - a +0 buckler (worn)
 h - a +0 cloak (worn)
Scrolls
 a - a scroll of identify
Potions
 d - a potion of might
 e - a potion of curing
 k - a potion of mutation {unknown}
 n - a potion of lignification

Dungeon Overview and Level Annotations

Branches:
Dungeon (4/15)
 Temple: D:4-7

Altars:
Gozag
Qazlal
Vehumet

Annotations:
D:4 Pikel


Message History

Found a pair of gloves.
Found 12 gold pieces.
A lemure comes into view.
You throw a javelin. The lemure shouts!
The javelin pierces through the lemure!
The lemure is moderately wounded.
You hear a shout! x4
You throw a javelin. The javelin pierces through the lemure!
The lemure is heavily wounded.
A lemure comes into view.
An ogre comes into view. It is wielding a +0 giant club.
The lemure closely misses you.
You hit the lemure.
The lemure is severely wounded.
The lemure hits you.
A lemure comes into view.
You hit the lemure.
The lemure is almost dead.
The lemure hits you.
You hit the lemure but do no damage.
The lemure is almost dead.
The lemure hits you but does no damage. You block the lemure's attack.
You slash the lemure!
You kill the lemure!
That felt strangely unrewarding.
You barely miss the ogre.
The ogre hits you with a +0 giant club!!
Ouch! That really hurt!
You slash the ogre!
The ogre is moderately wounded.
The ogre hits you with a +0 giant club.
You barely miss the ogre.
The ogre is moderately wounded.
The ogre barely misses you.
You barely miss the ogre.
The ogre is moderately wounded.
The ogre hits you with a +0 giant club!
Ouch! That really hurt!
You die...

##. .. #.[ #. #.#
.# #. #.# ... #.
#.# .. #. ##.#
#(####
#.#.###..####..(..
#.........@O5..$.(
###...######...###
##).# #.# ##.#
#(######.. #.#
#K5......# ###
#####..####
#.........#
#.........#
#.........#


You could see an ogre and a lemure.

Vanquished Creatures
  A lemure (D:4)
  3 adders
  A dart slug (D:2)
  An orc (D:4)
  An endoplasm (D:1)
  A giant cockroach (D:2)
  8 goblins
  4 hobgoblins
  5 jackals (D:2)
  4 quokkas
  A ball python (D:1)
  3 bats
  3 frilled lizards
  2 kobolds
  9 rats
47 creatures vanquished.

Notes
Turn   | Place    | Note
-------+----------+-------------------------------------------
     0 | D:1      | qw the Gargoyle Fighter began the quest for the Orb.
     0 | D:1      | Reached XP level 1. HP: 14/14 MP: 1/1
     0 | D:1      | 0 ||| qw: Version: 0.3-a-32-g5962c71
     0 | D:1      | 0 ||| qw: Game counter: 7372
     0 | D:1      | 0 ||| qw: Melee chars always use a shield: true
     0 | D:1      | 0 ||| qw: God list: Okawaru
     0 | D:1      | 0 ||| qw: Allow faded altars: false
     0 | D:1      | 0 ||| qw: Do Orc after clearing Dungeon:15 true
     0 | D:1      | 0 ||| qw: Do second Lair branch before Depths: true
     0 | D:1      | 0 ||| qw: Lair rune preference: random
     0 | D:1      | 0 ||| qw: Goals: Normal, Zot:1-4, Slime:5, God:TSO, Crypt,
                  | Tomb, Abyss, Pan, Hells, Win
     0 | D:1      | 0 ||| PLANNING D:1-11
    69 | D:1      | 69 ||| Stepping ~*~*~tactically~*~*~ (stealth).
   105 | D:1      | Reached XP level 2. HP: 19/19 MP: 2/2
   426 | D:1      | Found a faded altar of an unknown god.
   561 | D:1      | 561 ||| UPGRADING to +0 cloak.
   566 | D:1      | 566 ||| READING 2 scrolls labelled YRRETI VEDOU.
   567 | D:1      | 567 ||| READING scroll labelled LACHIQE XETZEA.
   705 | D:2      | 705 ||| Stepping ~*~*~tactically~*~*~ (stealth).
   708 | D:2      | 708 ||| Stepping ~*~*~tactically~*~*~ (stealth).
   714 | D:2      | Reached skill level 3 in Axes
   716 | D:2      | Reached XP level 3. HP: 23/23 MP: 3/3
   896 | D:2      | Reached skill level 1 in Throwing
  1137 | D:2      | Found a stormy altar of Qazlal.
  1215 | D:2      | Reached XP level 4. HP: 28/28 MP: 4/4
  1386 | D:2      | 1386 ||| DROPPING +6 ring of intelligence.
  1387 | D:2      | 1387 ||| READING scroll labelled APE GINIZA.
  1388 | D:2      | 1388 ||| READING scroll labelled HIL HIECAP.
  1389 | D:2      | 1389 ||| READING scroll labelled YSAVIS MENTEATZ.
  1390 | D:2      | 1390 ||| DRINKING 2 glowing red potions.
  1426 | D:2      | 1426 ||| DRINKING 2 glowing orange potions.
  1427 | D:2      | 1427 ||| READING 3 scrolls of identify.
  1427 | D:2      | 1427 ||| IDENTIFYING pink potion
  1428 | D:2      | 1428 ||| DROPPING potion of degeneration.
  1565 | D:3      | 1565 ||| Stepping ~*~*~tactically~*~*~ (stealth).
  1792 | D:3      | Found an opulent altar of Gozag.
  1793 | D:3      | 1793 ||| Stepping ~*~*~tactically~*~*~ (stealth).
  1794 | D:3      | 1794 ||| Stepping ~*~*~tactically~*~*~ (stealth).
  1801 | D:3      | Found a radiant altar of Vehumet.
  1802 | D:3      | You fall into a shaft and drop 1 floor!
  1805 | D:4      | Noticed a lemure
  1807 | D:4      | 1807 ||| READING scroll labelled VITUURHIBAMN.
  1808 | D:4      | Noticed Pikel
  1813 | D:4      | HP: 4/28 [Pikel/+2 whip of electrocution (9)]
  1814 | D:4      | 1814 ||| READING scroll of teleportation.
  1815 | D:4      | 1815 ||| DRINKING potion of heal wounds.
  1834 | D:4      | 1834 ||| READING 2 scrolls of identify.
  1834 | D:4      | 1834 ||| IDENTIFYING coppery potion
  1840 | D:4      | Noticed a lemure
  1842 | D:4      | Noticed a lemure
  1842 | D:4      | Noticed an ogre
  1843 | D:4      | Noticed a lemure
  1846 | D:4      | Killed a lemure
  1847 | D:4      | HP: 4/28 [ogre/+0 giant club (18)]
  1850 | D:4      | Mangled by an ogre

Levels and vault maps discovered:
D:1:      dpeg_arrival_tiny_i, layout_basic, hellmonk_ecumenical_altar_blasted
D:2:      minmay_chambers_of_ones, layout_rooms, basic_altar, grunt_ministairs_5
D:3:      wander_river, layout_basic, grunt_temple_overflow_open,
          chequers_serial_rivers_small_b
D:4:      layout_rooms, general_overflow_altar, uniq_pikel

Skill      XL: |  1  2  3 |
---------------+----------+-----
Axes           | 2 3 |  3.8
Throwing       | 1 |  1.0
Fighting       | |  3.2
Armour         | |  3.2
Shields        | |  3.2

Action                     |  1- 3 |  4- 6 || total
---------------------------+-------+-------++-------
  Melee: War axe           |    77 |    41 ||   118
  Throw: Javelin           |    29 |    14 ||    43
    Use: Scroll            |     2 |     7 ||     9
         Potion            |       |     3 ||     3
 Armour: Scale mail        |    43 |    18 ||    61
  Dodge: Dodged            |    32 |    17 ||    49
  Block: Buckler           |    14 |     5 ||    19

Table legend:
 A = Non-vault XP
 B = Vault XP
 C = Vault XP percentage of total XP
 D = Non-vault monster count
 E = Vault monster count
 F = Vault count percentage of total count
                 A         B        C        D         E       F
            +---------+---------+-------+---------+---------+-------
      Total |      89 |      22 |  19.8 |      39 |       7 |  15.2
            +---------+---------+-------+---------+---------+-------
        D:1 |      22 |       0 |   0.0 |      16 |       0 |   0.0
        D:2 |      44 |      22 |  33.3 |      17 |       7 |  29.2
        D:3 |      20 |       0 |   0.0 |       5 |       0 |   0.0
        D:4 |       3 |       0 |   0.0 |       1 |       0 |   0.0
            +---------+---------+-------+---------+---------+-------
